 Dungeon Crawl Stone Soup version 0.18-a0-1721-gc4d1f22 (webtiles) character file.

81 4thArraOfDagon the Cudgeler (level 4, -1/38 HPs)
             Began as a Naga Wanderer on Apr 9, 2016.
             Slain by a hobgoblin
             ... wielding a +0 club
             ... led by Robin
              (7 damage)
             ... on level 2 of the Dungeon.
             The game lasted 00:06:27 (1065 turns).

4thArraOfDagon the Cudgeler (Naga Wanderer)         Turns: 1065, Time: 00:06:27

Health: -1/38      AC:  4    Str: 15    XL:     4   Next: 42%
Magic:  5/5        EV:  8    Int: 14    God:
Gold:   65         SH:  0    Dex:  9    Spells: 0 memorised, 3 levels left

rFire  + . .     SeeInvis +     a - +2 mace
rCold  + . .     Gourm    .     o - +0 ring mail
rNeg   . . .     Faith    .     (no shield)
rPois  +         Spirit   .     (no helmet)
rElec  .         Dismiss  .     (no cloak)
rCorr  .         Reflect  .     (no gloves)
SustAt .         Harm     .     (no barding)
MR     .....                    (no amulet)
Stlth  ..........               p - ring of protection from cold
                                g - ring of protection from fire

@: very slow, not resistant to hostile enchantments, extremely unstealthy
A: see invisible, deformed body, poison resistance, slowness 2, slow metabolism
1, spit poison 2, AC +1
a: Spit Poison


You were on level 2 of the Dungeon.
You were not hungry.

You visited 1 branch of the dungeon, and saw 3 of its levels.

You collected 65 gold pieces.

Inventory:

Hand Weapons
 a - a +2 mace (weapon)
Armour
 o - a +0 ring mail (worn)
Jewellery
 g - a ring of protection from fire (left hand)
 p - a ring of protection from cold (right hand)
Scrolls
 d - a scroll of enchant weapon {unknown}
 e - 2 scrolls of remove curse {unknown}
 i - 2 scrolls of identify {unknown}
 k - a scroll of random uselessness {unknown}
Potions
 j - a potion of resistance {unknown}
 n - a potion of lignification {unknown}
Books
 b - the Almanac of the Rocks

   Spells                             Type                      Level
   a - Sandblast                      Earth                        1
   b - Stone Arrow                    Conjuration/Earth            3
Comestibles
 f - 2 bread rations
 h - 4 chunks of flesh
 l - 2 meat rations
 m - a beef jerky
 q - 5 fruits


   Skills:
 - Level 1.0 Fighting
 * Level 4.1 Maces & Flails
 - Level 2.4 Armour
   Level 4.0 Poison Magic
   Level 2.0 Evocations


You had 3 spell levels left.
You didn't know any spells.

Dungeon Overview and Level Annotations

Branches:
Dungeon (3/15)

Altars:
Xom
Zin

Annotations:
D:3 Robin; WereVolvo's ghost, amateur DsAE


Innate Abilities, Weirdness & Mutations

You cannot wear boots.
Your serpentine skin is tough (AC +1).
You have supernaturally acute eyesight.
Armour fits poorly on your strangely shaped body.
Your system is resistant to poisons.
You cover ground very slowly.
You have a slow metabolism.
You can spit poison.


Message History

The goblin is severely wounded.
The goblin hits you with a dagger!
* * * LOW HITPOINT WARNING * * *
The goblin closely misses you. The hobgoblin hits you with a club.
* * * LOW HITPOINT WARNING * * *
You are too injured to fight recklessly!
You are too injured to fight recklessly!
You are too injured to fight recklessly!
Drink which item? (? for menu, Esc to quit)
You feel better. The goblin hits you but does no damage.
The goblin closely misses you. The hobgoblin hits you with a club.
* * * LOW HITPOINT WARNING * * *
Unknown command.
Drink which item? (? for menu, Esc to quit)
You feel better. The goblin hits you with a dagger.
* * * LOW HITPOINT WARNING * * *
The goblin hits you with a club.
* * * LOW HITPOINT WARNING * * *
The hobgoblin hits you with a club!
You die...

#....# #...###.........####
#.#.#######............>....
#..............#.....#######
#.........####(......#
#........##.......####
##.......##..⌠...⌠..##
#........#......(....#
#........#.g.).⌠.....#
##.......#.(@.....>..###
#.......#.g(g.⌠.....#.##
#.......#...........#..#####
#.......##..⌠...⌠..###......
###########.......## #######
#########


You could see a hobgoblin and 2 goblins.

Vanquished Creatures
  2 adders (D:2)
  An ooze (D:1)
  4 worms (D:2)
  A dart slug (D:1)
  A giant cockroach (D:2)
  10 goblins
  5 hobgoblins
  6 jackals (D:2)
  A kobold (D:2)
  4 bats
  A giant newt (D:2)
  7 rats
43 creatures vanquished.

Notes
Turn   | Place    | Note
--------------------------------------------------------------
     0 | D:1      | 4thArraOfDagon the Naga Wanderer began the quest for the Orb.
     0 | D:1      | 4thArraOfDagon set off with: a +2 mace, the Almanac of the Rocks, a potion of curing, a +0 robe, a bread ration
     0 | D:1      | Reached XP level 1. HP: 18/18 MP: 2/2
    82 | D:2      | Reached XP level 2. HP: 17/25 MP: 3/3
   113 | D:2      | Found a glowing silver altar of Zin.
   113 | D:2      | Noticed an angel
   188 | D:2      | Found a shimmering altar of Xom.
   316 | D:1      | Reached XP level 3. HP: 24/31 MP: 4/4
   790 | D:2      | Reached XP level 4. HP: 25/38 MP: 5/5
   907 | D:3      | Noticed WereVolvo's ghost (amateur DsAE)
  1028 | D:3      | Noticed Robin
  1065 | D:2      | Slain by a hobgoblin

Vault maps used:
D:1:      scummos_arrival_simple_crosswalls
D:2:      zin_angel, minmay_misc_feat_encased, minivault_24,
          grunt_ministairs_10, minmay_misc_feat_diagonals, xom_teletrap_fun
D:3:      lemuel_round_altar, first_bread, uniq_robin

Skill      XL: |  1  2  3  4 |
---------------+-------------+-----
Maces & Flails | 2 3 4 |  4.1
Fighting       | |  1.0
Armour         | |  2.4
Poison Magic   | |  4.0
Evocations     | |  2.0

Action                   |  1- 3 |  4- 6 || total
-------------------------+-------+-------++-------
Melee: Mace              |    47 |    26 ||    73
 Abil: Spit Poison       |    41 |    11 ||    52
  Use: Potion            |     1 |     2 ||     3
  Eat: Chunk             |     2 |     1 ||     3
